 Dungeon Crawl Stone Soup version 0.22-a0-877-g5c4e1af (webtiles) character file.

15 MatthieuS the Changer (level 2, -1/21 HPs)
             Began as a Human Wanderer on July 29, 2018.
             Slain by a gnoll
             ... wielding a +0 flail
              (8 damage)
             ... on level 1 of the Dungeon.
             The game lasted 00:02:46 (659 turns).

MatthieuS the Changer (Human Wanderer)               Turns: 659, Time: 00:02:46

Health: -1/21      AC:  3    Str: 16    XL:     2   Next: 65%
Magic:  5/5        EV: 11    Int: 11    God:
Gold:   35         SH:  0    Dex: 13    Spells: 5/5 levels left

rFire    . . .     SeeInvis .     - Unarmed
rCold    . . .     Gourm    .   (no shield)
rNeg     . . .     Faith    .   b - +0 leather armour
rPois    .         Spirit   .   (no helmet)
rElec    .         Reflect  .   (no cloak)
rCorr    .         Harm     .   (no gloves)
MR       .....                  (no boots)
Stlth    +.........             (no amulet)
HPRegen  0.07/turn              j - +4 ring of dexterity
MPRegen  0.09/turn              (no ring)

@: no status effects
A: no striking features
a: no special abilities


You were on level 1 of the Dungeon.
You were not hungry.

You visited 1 branch of the dungeon, and saw 1 of its levels.

You collected 35 gold pieces.

Inventory:

Hand Weapons
 c - a +0 spear
 h - a +0 hunting sling
   (You found it on level 1 of the Dungeon)
Missiles
 i - 3 sling bullets
Armour
 b - a +0 leather armour (worn)
   (You found it on level 1 of the Dungeon)
Jewellery
 j - a +4 ring of dexterity (left hand)
   (You found it on level 1 of the Dungeon)
Scrolls
 g - a scroll of identify {unknown}
 k - a scroll of enchant armour {unknown}
Potions
 d - a potion of flight {unknown}
 f - a potion of lignification {unknown}
Comestibles
 a - 6 chunks of flesh
 e - a ration


   Skills:
 + Level 1.3 Fighting
 - Level 2.0 Throwing
 + Level 1.4 Dodging
 - Level 1.0 Stealth
 * Level 1.4 Unarmed Combat
 - Level 2.0 Spellcasting
   Level 3.0 Transmutations


You had 5 spell levels left.
You didn't know any spells.
Your spell library contained the following spells:

 Spells                   Type           Power        Failure   Level  Hunger
 Summon Small Mammal      Summ           #...         34%         1    ##.....
 Spider Form              Tmut/Pois      #.........   50%         3    ####...
 Blade Hands              Tmut           #.........   96%         5    ######.
 Ice Form                 Ice/Tmut       #.......     88%         4    #####..
 Sticks to Snakes         Tmut           #.......     16%         2    ###....
 Call Canine Familiar     Summ           #.......     71%         3    ####...
 Beastly Appendage        Tmut           #.....       11%         1    ##.....


Dungeon Overview and Level Annotations

Branches:
Dungeon (1/15)

Altars:


Message History

No target in view!
No target in view!
A hobgoblin comes into view. It is wielding a club.
The hobgoblin shouts!
A rat comes into view.
You closely miss the hobgoblin. The hobgoblin barely misses you.
You hit the hobgoblin but do no damage. The hobgoblin completely misses you.
You hit the hobgoblin but do no damage. The hobgoblin barely misses you.
You closely miss the hobgoblin. The hobgoblin closely misses you.
You hit the hobgoblin. The hobgoblin hits you with a club.
You closely miss the hobgoblin.
The hobgoblin hits you but does no damage.
You hit the hobgoblin but do no damage. The hobgoblin barely misses you.
You hit the hobgoblin but do no damage. The hobgoblin closely misses you.
You hit the hobgoblin. You hit the hobgoblin.
You kill the hobgoblin!
No target in view!
You start resting.
Some of the chunks of flesh in your inventory have rotted away.
You see here a club.
The rat is too close now for your liking.
The rat completely misses you.
You closely miss the rat. The rat closely misses you.
You hit the rat.
You kill the rat!
No target in view!
You see here a rat corpse.
You butcher the rat corpse.
Some of the chunks of flesh in your inventory have rotted away.
a - 6 chunks of flesh (gained 1)
You see here a rat skeleton.
As you open the door, it creaks loudly!
You hear a shout!
There is an open door here.
A gnoll comes into view. It is wielding a flail.
The gnoll shouts!
Found a dark potion.
There is an open door here.
You closely miss the gnoll. The gnoll hits you with a flail.
You hit the gnoll. You hit the gnoll. The gnoll closely misses you.
You hit the gnoll. The gnoll hits you but does no damage.
You hit the gnoll. The gnoll hits you with a flail.
You closely miss the gnoll. The gnoll misses you.
You barely miss the gnoll. The gnoll hits you with a flail!
* * * LOW HITPOINT WARNING * * *
You are too injured to fight recklessly!
You hit the gnoll. You barely miss the gnoll. The gnoll hits you with a flail!
You die...

#...# #.# #!..#
#...# #.# #...#
#...# #.#####...#
#..)####....##...#
#...##......##...##
######.##...##g...
#.##.......#
####.##..g##..#
#.........@...#
#.....#รท..###.....#
#.....#...# ..##.#
#.....#...# ..#
#.....#...# ..# #...
#...# ..# #... #####
#..


You could see a gnoll.

Vanquished Creatures
  A giant cockroach (D:1)
  A goblin (D:1)
  3 hobgoblins (D:1)
  A ball python (D:1)
  A frilled lizard (D:1)
  2 kobolds (D:1)
  8 rats (D:1)
17 creatures vanquished.

Notes
Turn   | Place    | Note
-------+----------+-------------------------------------------
     0 | D:1      | MatthieuS the Human Wanderer began the quest for the Orb.
     0 | D:1      | MatthieuS set off with: a +0 spear, a +0 robe, a ration
     0 | D:1      | Reached XP level 1. HP: 15/15 MP: 3/3
   405 | D:1      | Reached XP level 2. HP: 21/21 MP: 5/5
   407 | D:1      | Reached skill level 1 in Unarmed Combat
   659 | D:1      | Slain by a gnoll

Vault maps used:
D:1:      dpeg_arrival_houses_and_road

Skill      XL: |  1  2 |
---------------+-------+-----
Unarmed Combat | 1 |  1.4
Fighting       | |  1.3
Throwing       | |  2.0
Dodging        | |  1.4
Stealth        | |  1.0
Spellcasting   | |  2.0
Transmutations | |  3.0

Action                   || total
-------------------------++-------
Melee: Unarmed           ||    56
 Fire: Hunting sling     ||    16
Armor: Leather armour    ||    12
Dodge: Dodged            ||    37

Table legend:
 A = Spawn XP
 B = Non-spawn XP
 C = Spawn XP percentage of total XP
 D = Spawn monster count
 E = Non-spawn monster count
 F = Spawn count percentage of total count
 G = Total turns spent on level
                    A         B        C        D         E        F      G
               +---------+---------+-------+---------+---------+-------+---------
         Total |       0 |      22 |   0.0 |       0 |      17 |   0.0 |   659
               +---------+---------+-------+---------+---------+-------+---------
           D:1 |       0 |      22 |   0.0 |       0 |      17 |   0.0 |   659
               +---------+---------+-------+---------+---------+-------+---------
